 Dungeon Crawl Stone Soup version 0.30-a0-799-g109b55a442 (webtiles) character file.

Game seed: 2867397022053437333

189 PLAYERX the Skirmisher (level 5, 0/41 HPs)
             Began as a Gnoll Wanderer on Feb 20, 2023.
             Slain by a yak (12 damage)
             ... on level 5 of the Dungeon.
             The game lasted 00:15:28 (3067 turns).

PLAYERX the Skirmisher (Gnoll Wanderer)             Turns: 3067, Time: 00:15:29

Health: 0/41       AC: 12    Str: 12    XL:     5   Next: 68%
Magic:  9/9        EV: 12    Int: 10    God:
Gold:   150        SH:  0    Dex: 14    Spells: 9/10 levels left

rFire   . . .      SeeInvis .    a - +4 dagger (venom)
rCold   . . .      Faith    .    (no shield)
rNeg    . . .      Spirit   .    b - +3 ring mail
rPois   .          Reflect  .    v - +1 helmet
rElec   .          Harm     .    (no cloak)
rCorr   .          Rampage  .    d - +1 pair of gloves
Will    .....                    (no boots)
Stlth   +                        (no amulet)
HPRegen 0.26/turn                (no ring)
MPRegen 0.11/turn                (no ring)

@: mighty
A: fangs 1, strong nose, distributed training
a: no special abilities


You were on level 5 of the Dungeon.
You visited 1 branch of the dungeon, and saw 5 of its levels.

You collected 150 gold pieces.

Inventory:

Hand Weapons
 a - a +4 dagger of venom (weapon)
Missiles
 t - a throwing net
Armour
 b - a +3 ring mail (worn)
 d - a +1 pair of gloves (worn)
 v - a +1 helmet (worn)
Scrolls
 h - 3 scrolls of identify
 k - 2 scrolls of vulnerability
 p - a scroll of magic mapping
Potions
 c - a potion of attraction
 e - a potion of might
 i - 2 potions of curing {unknown}
 j - 3 potions of degeneration {unknown}
 l - 4 potions of brilliance {unknown}
 q - 2 potions of lignification {unknown}
 r - a potion of ambrosia {unknown}
 u - a potion of resistance {unknown}


   Skills:
 + Level 3.1 Fighting
 + Level 1.6 Short Blades
 + Level 1.6 Long Blades
 + Level 1.6 Axes
 + Level 1.6 Maces & Flails
 + Level 1.6 Polearms
 + Level 1.6 Staves
 + Level 8.7 Ranged Weapons
 + Level 1.6 Throwing
 + Level 3.1 Armour
 + Level 4.8 Dodging
 + Level 1.6 Stealth
 + Level 1.6 Shields
 + Level 1.6 Unarmed Combat
 + Level 3.2 Spellcasting
 + Level 1.3 Conjurations
 + Level 1.3 Hexes
 + Level 1.3 Summonings
 + Level 1.3 Necromancy
 + Level 1.3 Translocations
 + Level 1.3 Transmutations
 + Level 1.3 Fire Magic
 + Level 1.3 Ice Magic
 + Level 1.3 Air Magic
 + Level 2.5 Earth Magic
 + Level 1.3 Poison Magic
 + Level 1.9 Invocations
 + Level 1.6 Evocations


You had 9 spell levels left.
You knew the following spells:

 Your Spells              Type           Power      Damage    Failure   Level
a - Sandblast             Erth           12%        2d6       22%         1

Your spell library contained the following spells:

 Spells                   Type           Power      Damage    Failure   Level
 Passwall                 Tmut/Erth      4%         N/A       38%         2
 Ensorcelled Hibernation  Hex/Ice        8%         N/A       45%         2
 Stone Arrow              Conj/Erth      10%        3d7       63%         3
 Gell's Gravitas          Tloc           4%         N/A       71%         3
 Swiftness                Air            4%         N/A       71%         3
 Teleport Other           Tloc           4%         N/A       71%         3
 Fireball                 Conj/Fire      2%         3d4       100%        5
 Iskenderun's Battlesphe  Conj           4%         2d6       100%        5
 Conjure Ball Lightning   Conj/Air       2%         3x3d6     100%        6
 Dispersal                Tloc           2%         N/A       100%        6
 Orb of Destruction       Conj           2%         9d5       100%        7


Dungeon Overview and Level Annotations

Branches:
Dungeon (5/15)
 Temple: D:4-7

Altars:
Fedhas


Innate Abilities, Weirdness & Mutations

You have very sharp teeth.
Your uncanny sense of smell can sniff out nearby items.
Your experience applies equally to all skills.


Message History

You finish putting on your +3 ring mail.
Adjust to which letter? (? for menu, Esc to quit)
b - a +3 ring mail (worn)
Found a scroll of identify.
h - 3 scrolls of identify (gained 1)
A yak comes into view.
Found a hand axe.
Found a stone staircase leading up.
The yak bellows!
You hear a bellow! x3
A yak comes into view.
You hit the yak but do no damage.
A yak comes into view.
The yak gores you but does no damage.
A yak comes into view.
You barely miss the yak.
The yak bellows!
The yak gores you but does no damage.
You hit the yak.
The yak is poisoned.
The yak is lightly wounded.
You barely miss the yak.
The yak is lightly wounded.
The yak gores you but does no damage.
A yak comes into view.
You hit the yak.
The yak looks as sick as possible!
The yak is lightly wounded.
The yak misses you.
You completely miss the yak.
The yak is lightly wounded.
The yak closely misses you. The yak gores you!
You hit the yak but do no damage.
The yak looks as sick as possible!
You bite the yak.
The yak is moderately wounded.
The yak gores you. The yak gores you!
* * * LOW HITPOINT WARNING * * *
The yak barely misses you.
You are too injured to fight recklessly!
You are too injured to fight recklessly!
You feel very mighty all of a sudden. The yak gores you!
You die...

# ∆ .. #...... .. ..
......# .[ .# ##.
.<...# .. .#### #..
..).. ..####.##...
..#.#.. ....#..#...##
.YY.#
............####YY###
...<..#.......#.@Y..#
......#..........#..#
................## .#
...†[.#.......#......#
..............#....###
#....#........#...##
###.....#######...#
#....## ##### #....#


You could see 5 yaks.

Vanquished Creatures
  2 iguanas (D:4)
  An orc wizard (D:4)
  An adder (D:4)
  4 worms
  4 dart slugs
  5 orcs (D:4)
  6 ball pythons
  8 endoplasms
  3 giant cockroaches
  7 goblins
  4 hobgoblins
  2 jackals (D:1)
  7 kobolds
  3 quokkas
  7 bats
  10 frilled lizards
  5 rats
79 creatures vanquished.

Notes
Turn   | Place    | Note
-------+----------+-------------------------------------------
     0 | D:1      | PLAYERX the Gnoll Wanderer began the quest for the Orb.
     0 | D:1      | PLAYERX set off with the following items: a +2 sling, a +0
                  | pair of gloves, a potion of attraction, a +0 robe; and the
                  | following spell memorised: Sandblast; and the following
                  | spells available to memorise: Stone Arrow.
     0 | D:1      | Reached XP level 1. HP: 17/17 MP: 4/4
   143 | D:1      | Reached XP level 2. HP: 19/23 MP: 5/5
   631 | D:1      | Reached XP level 3. HP: 19/28 MP: 7/7
   779 | D:1      | Reached skill level 1 in Invocations
  1196 | D:2      | Reached skill level 1 in Short Blades
  1196 | D:2      | Reached skill level 1 in Long Blades
  1196 | D:2      | Reached skill level 1 in Axes
  1196 | D:2      | Reached skill level 1 in Maces & Flails
  1196 | D:2      | Reached skill level 1 in Polearms
  1196 | D:2      | Reached skill level 1 in Staves
  1196 | D:2      | Reached skill level 1 in Throwing
  1196 | D:2      | Reached skill level 1 in Stealth
  1196 | D:2      | Reached skill level 1 in Shields
  1196 | D:2      | Reached skill level 1 in Unarmed Combat
  1196 | D:2      | Reached skill level 1 in Evocations
  1723 | D:3      | Reached XP level 4. HP: 34/34 MP: 8/8
  1736 | D:3      | Found a blossoming altar of Fedhas.
  2229 | D:4      | Reached skill level 1 in Conjurations
  2229 | D:4      | Reached skill level 1 in Hexes
  2229 | D:4      | Reached skill level 1 in Summonings
  2229 | D:4      | Reached skill level 1 in Necromancy
  2229 | D:4      | Reached skill level 1 in Translocations
  2229 | D:4      | Reached skill level 1 in Transmutations
  2229 | D:4      | Reached skill level 1 in Fire Magic
  2229 | D:4      | Reached skill level 1 in Ice Magic
  2229 | D:4      | Reached skill level 1 in Air Magic
  2229 | D:4      | Reached skill level 1 in Poison Magic
  2324 | D:4      | Reached XP level 5. HP: 26/40 MP: 9/9
  2791 | D:5      | Entered Level 5 of the Dungeon
  3056 | D:5      | Noticed a yak
  3058 | D:5      | Noticed a yak
  3060 | D:5      | Noticed a yak
  3060 | D:5      | Noticed a yak
  3063 | D:5      | Noticed a yak
  3067 | D:5      | Slain by a yak

Illustrated notes

Levels and vault maps discovered:
D:1:      minmay_arrival_split_and_join, layout_loops_ring, amethyst_killhole,
          chequers_serial_rivers_small_b
D:2:      layout_basic, minmay_lizard_pond
D:3:      layout_rooms, lemuel_doored_altar
D:4:      layout_cave_pools
D:5:      layout_cave_pools, chequers_temple_overflow_statue_of_worship

Skill      XL: |  1  2  3  4  5 |
---------------+----------------+-----
Earth Magic    | 2 |  2.5
Invocations    | 1 |  1.9
Short Blades   | 1 |  1.6
Long Blades    | 1 |  1.6
Axes           | 1 |  1.6
Maces & Flails | 1 |  1.6
Polearms       | 1 |  1.6
Staves         | 1 |  1.6
Throwing       | 1 |  1.6
Stealth        | 1 |  1.6
Shields        | 1 |  1.6
Unarmed Combat | 1 |  1.6
Evocations     | 1 |  1.6
Spellcasting   | 3 |  3.2
Conjurations   | 1 |  1.3
Hexes          | 1 |  1.3
Summonings     | 1 |  1.3
Necromancy     | 1 |  1.3
Translocations | 1 |  1.3
Transmutations | 1 |  1.3
Fire Magic     | 1 |  1.3
Ice Magic      | 1 |  1.3
Air Magic      | 1 |  1.3
Poison Magic   | 1 |  1.3
Fighting       | 3 |  3.1
Armour         | 3 |  3.1
Ranged Weapons | |  8.7
Dodging        | |  4.8

Action                     |  1- 3 |  4- 6 || total
---------------------------+-------+-------++-------
  Melee: Dagger            |   112 |    95 ||   207
         Bite              |    12 |    13 ||    25
         Punch             |     3 |     2 ||     5
   Fire: Sling             |    16 |       ||    16
    Use: Scroll            |       |    11 ||    11
         Potion            |       |     1 ||     1
   Stab: Sleeping          |     1 |       ||     1
 Armour: Robe              |    14 |       ||    14
         Scale mail        |    23 |    37 ||    60
         Ring mail         |       |     3 ||     3
  Dodge: Dodged            |    75 |    39 ||   114

Table legend: (Time is in decaauts)
 A = Elapsed time spent in this place.
 B = Non-inter-level travel time spent in this place.
 C = Inter-level travel time spent in this place.
 D = Time resting spent in this place.
 E = Time spent auto-exploring this place.
 F = Levels seen in this place.
 G = Mean time per level.
                   A        B        C        D        E       F      G
               +--------+--------+--------+--------+--------+-----+--------+
         Total |   3056 |   3056 |      0 |    307 |   1398 |   5 |  611.2 |
       Dungeon |   3056 |   3056 |      0 |    307 |   1398 |   5 |  611.2 |
               +--------+--------+--------+--------+--------+-----+--------+

Top non-repeatable levels by time:
     D:1: 983 daAuts
     D:4: 854 daAuts
     D:2: 670 daAuts
     D:3: 489 daAuts
     D:5: 58 daAuts
